 Dungeon Sprint DCSS version 0.26-a0-649-gf8c6c3aab7 (webtiles) character file.

Game seed: 11745386732401108373

7 sahdkjhfkaj the Chiller (level 1, -3/10 HPs)
             Began as a Felid Ice Elementalist on Sept 27, 2020.
             Slain by an ice beast (10 damage)
             ... in the Dungeon (Sprint IX: "|||||||||||||||||||||||||||||").
             The game lasted 00:00:19 (226 turns).

sahdkjhfkaj the Chiller (Felid Ice Elementalist)     Turns: 226, Time: 00:00:20

Health: -3/10      AC:  1    Str:  4    XL:     1   Next: 83%
Magic:  5/5        EV: 19    Int: 16    God:
Gold:   0          SH:  0    Dex: 16    Spells: 4/5 levels left
                                        Lives:  0   Deaths: 0

rFire    . . .     SeeInvis +   (weapon unavailable)
rCold    . . .     Faith    .   (shield unavailable)
rNeg     . . .     Spirit   .   (armour unavailable)
rPois    .         Reflect  .   (helmet unavailable)
rElec    .         Harm     .   (cloak unavailable)
rCorr    .         Rampage  .   (gloves unavailable)
MR       .....     NoTele   +   (boots unavailable)
Stlth    ..........             (no amulet)
HPRegen  0.03/turn              (no ring)
MPRegen  0.09/turn              (no ring)

@: berserking, very quick
A: very small, no armour, no weapons or thrown items, stealth, claws 1, fangs 3,
see invisible, speed 1, shaggy fur 1, sharp paws
a: no special abilities


You were in the Dungeon.
You visited 1 branch

Inventory:

Scrolls
 g - a scroll of blinking
Potions
 b - a potion of curing
 c - a potion of heal wounds
 d - a potion of haste
 e - 2 potions of magic


   Skills:
 + Level 3.6 Dodging
 - Level 2.6 Stealth
 + Level 2.5 Spellcasting
 * Level 4.4 Ice Magic


You had 4 spell levels left.
You knew the following spells:

 Your Spells              Type           Power        Failure   Level
a - Freeze                Ice            ###.         3%          1

Your spell library contained the following spells:

 Spells                   Type           Power        Failure   Level
 Frozen Ramparts          Ice            ###...       10%         3
 Ozocubu's Armour         Ice            ###.....     10%         3
 Hailstorm                Conj/Ice       #.......     61%         4
 Summon Ice Beast         Ice/Summ       #.......     61%         4


Dungeon Overview and Level Annotations

Branches:
Dungeon (1/1)

Altars:


Innate Abilities, Weirdness & Mutations

You cannot wear armour.
You are incapable of wielding weapons or throwing items.
Your paws allow you to move quietly. (Stealth)
You have sharp claws.
You have razor-sharp teeth.
You have supernaturally acute eyesight. (SInv)
You cover ground quickly.
You are covered in fur. (AC +1)
Your sharp claws are effective at attacking unaware monsters.


Message History

Magic restored.
You open the door.
An iguana, a worker ant, a giant cockroach, an ice beast and a centaur come into view.
The centaur shouts!
The iguana hisses angrily.
There are monsters nearby!
There are monsters nearby!
There are monsters nearby!
The worker ant twitches its antennae in your direction.
There is an open door to the Dungeon, spattered with blood here.
A red film seems to cover your vision as you go berserk!
You feel yourself moving faster!
You feel mighty!
You claw the ice beast!
The ice beast is moderately wounded.
The ice beast misses you.
You completely miss the ice beast. Your bite misses the ice beast.
The ice beast is moderately wounded.
The worker ant waves its antennae.
The ice beast hits you. The ice beast freezes you!
Ouch! That really hurt!
You die...

▓▓▓
▓<▓
▓.▓
▓.▓
▓@▓
▓Y▓
▓s▓
▓l▓
▓.▓
▓a▓
▓c▓
▓'▓
▓.▓


You could see an ice beast, a centaur, an iguana, a worker ant and a giant
cockroach.

Vanquished Creatures
  A leopard gecko (D)
  A giant cockroach (D)
  2 goblins (D)
  A frilled lizard (D)
5 creatures vanquished.

Notes
Turn   | Place    | Note
-------+----------+-------------------------------------------
     0 | D        | sahdkjhfkaj the Felid Ice Elementalist began the quest for
                  | the Orb.
     0 | D        | Reached XP level 1. HP: 7/7 MP: 4/4
     3 | D        | Banished a spatial maelstrom
     7 | D        | Reached skill level 4 in Ice Magic
   216 | D        | Noticed an ice beast
   216 | D        | Noticed an iguana
   216 | D        | Noticed a worker ant
   216 | D        | Noticed a centaur
   226 | D        | Slain by an ice beast

Illustrated notes

Levels and vault maps discovered:
D:        linesprint [early_d, line_temple, items_1, d_10, items_2, lair_1,
          lair_end, items_3, orc_1, orc_end, items_4, d_15, swamp_1, shoals_1,
          snake_1, spider_1, d_20, vaults_1, items_5, swamp_end, shoals_end,
          snake_end, spider_end, vaults_end, d_27, items_6, zot_1, zot_end,
          crypt_end, forest_end, elf_end, slime_end, tomb_end, abyss_end,
          pan_hell_end]

Skill      XL: |  1 |
---------------+----+-----
Dodging        | 3 |  3.6
Ice Magic      | 4 |  4.4
Stealth        | |  2.6
Spellcasting   | |  2.5

Action                   || total
-------------------------++-------
Melee: Unarmed           ||     3
 Cast: Freeze            ||     6
  Use: Potion            ||     1
Dodge: Dodged            ||     4

Table legend: (Time is in decaauts)
 A = Elapsed time spent in this place.
 B = Non-inter-level travel time spent in this place.
 C = Inter-level travel time spent in this place.
 D = Time resting spent in this place.
 E = Time spent auto-exploring this place.
 F = Levels seen in this place.
 G = Mean time per level.
                   A        B        C        D        E       F      G
               +--------+--------+--------+--------+--------+-----+--------+
         Total |    222 |    222 |      0 |    141 |     55 |   1 |  222.0 |
       Dungeon |    222 |    222 |      0 |    141 |     55 |   1 |  222.0 |
               +--------+--------+--------+--------+--------+-----+--------+

Top non-repeatable levels by time:
       D: 222 daAuts
